PBL
PHILADELPHIA PHILLIES @ PITTSBURGH PIRATES
07/26/2071
 
TOP OF THE 1ST
Philadelphia Phillies batting - Pitching for Pittsburgh Pirates : RHP Larry Lillibridge
Pitching: RHP Larry Lillibridge
Batting: LHB Iván Ruíz 0-0: Called Strike
0-1: Ball
1-1: Swinging Strike
1-2: Ball
2-2: Foul Ball, location: 2F
2-2: Foul Ball, location: 3FF
2-2: Strikes out swinging
Batting: LHB Alonso Castillo 0-0: Called Strike
0-1: Foul Ball, location: 3F
0-2: Ball
1-2: Ball
2-2: Ball
3-2: Strikes out swinging
Batting: LHB John Myers 0-0: Called Strike
0-1: Foul Ball, location: 23FF
0-2: Ball
1-2: Ball
2-2: Ground out U3 (Groundball, 3L, EV 83.1 MPH)
Top of the 1st over - 0 runs, 0 hits, 0 errors, 0 left on base; Philadelphia 0 - Pittsburgh 0
BOTTOM OF THE 1ST
Pittsburgh Pirates batting - Pitching for Philadelphia Phillies : RHP Mike Lowery
Pitching: RHP Mike Lowery
Batting: RHB John Simpson 0-0: Ball
1-0: SINGLE (Line Drive, 6MD, EV 110.0 MPH)
Batting: LHB Kirila Naretha 0-0: Ball
1-0: Foul Ball, location: 5SF
1-1: Fly out, F9 (Flyball, 9, EV 90.6 MPH)
Batting: RHB Spencer Knight 0-0: Called Strike
0-1: Called Strike
0-2: Ball
1-2: Ball
2-2: Ball
3-2: Strikes out swinging
Batting: RHB Zong-yuan Yue 0-0: Ball
1-0: Ball
2-0: Swinging Strike
2-1: Fly out, F8 (Flyball, 8LD, EV 80.6 MPH)
Bottom of the 1st over - 0 runs, 1 hit, 0 errors, 1 left on base; Philadelphia 0 - Pittsburgh 0
TOP OF THE 2ND
Philadelphia Phillies batting - Pitching for Pittsburgh Pirates : RHP Larry Lillibridge
Batting: RHB Ezra Schneider 0-0: Ball
1-0: Called Strike
1-1: Called Strike
1-2: Strikes out swinging
Batting: RHB Alfonso Díaz 0-0: Ball
1-0: TRIPLE (Line Drive, 89XD, EV 101.9 MPH)
Batting: RHB Kei Goto 0-0: Called Strike
0-1: Ball
1-1: Ground out 5-3 (Groundball, 5L, EV 83.8 MPH)
Batting: LHB Tom Huey 0-0: Called Strike
0-1: Fly out, F5 (Line Drive, 5L, EV 76.9 MPH)
Top of the 2nd over - 0 runs, 1 hit, 0 errors, 1 left on base; Philadelphia 0 - Pittsburgh 0
BOTTOM OF THE 2ND
Pittsburgh Pirates batting - Pitching for Philadelphia Phillies : RHP Mike Lowery
Batting: RHB George Alexander 0-0: Ball
1-0: Called Strike
1-1: Ball
2-1: Ball
3-1: Foul Ball, location: 9LSF
3-2: SINGLE (Line Drive, 56D, EV 100.6 MPH)
Batting: LHB Greg Meyer 0-0: Ball
1-0: Called Strike
1-1: Foul Ball, location: 2F
1-2: Ball
2-2: Strikes out swinging
Batting: RHB Gerald Dittler 0-0: Ball
1-0: Fly out, F7 (Flyball, 78M, EV 93.1 MPH)
Batting: LHB Lúcio Rivera 0-0: Called Strike
0-1: Ball
1-1: DOUBLE (Popup, 3D, EV 74.4 MPH)
George Alexander to third
Runner from 3rd tries for Home, SAFE, throw by 2B to home
Pinch Runner at 2nd Jerry Gates:
Batting: RHB Luis Cervantes 0-0: Called Strike
0-1: Called Strike
0-2: Foul Ball, location: 2F
0-2: Ball
1-2: Ball
2-2: Ball
3-2: SINGLE (Line Drive, 56, EV 103.1 MPH)
Jerry Gates to third
Runner from 3rd tries for Home, SAFE, throw by LF to home
Batting: RHB John Simpson 0-0: Ball
1-0: Ball
2-0: Fielders Choice at 2nd, 6-4 (Groundball, 6, EV 83.8 MPH)
Bottom of the 2nd over - 2 runs, 3 hits, 0 errors, 1 left on base; Philadelphia 0 - Pittsburgh 2
TOP OF THE 3RD
Philadelphia Phillies batting - Pitching for Pittsburgh Pirates : RHP Larry Lillibridge
Now in CF: Jerry Gates
Batting: LHB César Pérez 0-0: Called Strike
0-1: Ground out 4-3 (Groundball, 4, EV 83.8 MPH)
Batting: RHB Atas Sekayi 0-0: Called Strike
0-1: Foul Ball, location: 9LDF
0-2: Ball
1-2: Fly out, F7 (Flyball, 78S, EV 85.6 MPH)
Batting: LHB Iván Ruíz 0-0: Called Strike
0-1: Ball
1-1: Ball
2-1: Ball
3-1: Swinging Strike
3-2: Base on Balls
Batting: LHB Alonso Castillo 0-0: Swinging Strike
0-1: Fly out, F9 (Line Drive, 89M, EV 98.8 MPH)
Top of the 3rd over - 0 runs, 0 hits, 0 errors, 1 left on base; Philadelphia 0 - Pittsburgh 2
BOTTOM OF THE 3RD
Pittsburgh Pirates batting - Pitching for Philadelphia Phillies : RHP Mike Lowery
Batting: LHB Kirila Naretha 0-0: Called Strike
0-1: Ball
1-1: Ball
2-1: Swinging Strike
2-2: Ball
3-2: Fly out, F8 (Flyball, 8RXD, EV 86.3 MPH)
Batting: RHB Spencer Knight 0-0: Ball
1-0: Foul Ball, location: 23F
1-1: Foul Ball, location: 9LSF
1-2: Strikes out swinging
Batting: RHB Zong-yuan Yue 0-0: Foul Ball, location: 2F
0-1: Called Strike
0-2: Strikes out looking
Bottom of the 3rd over - 0 runs, 0 hits, 0 errors, 0 left on base; Philadelphia 0 - Pittsburgh 2
TOP OF THE 4TH
Philadelphia Phillies batting - Pitching for Pittsburgh Pirates : RHP Larry Lillibridge
Batting: LHB John Myers 0-0: Ball
1-0: Ball
2-0: Ball
3-0: Base on Balls
Batting: RHB Ezra Schneider 0-0: Ball
1-0: Called Strike
1-1: Ball
2-1: Ball
3-1: Base on Balls
John Myers to second
Batting: RHB Alfonso Díaz 0-0: Ball
1-0: Foul Ball, location: 2RF
1-1: Ball
2-1: Ball
3-1: SINGLE (Groundball, 4S, EV 69.4 MPH) (infield hit)
John Myers to third
Ezra Schneider to second
Batting: RHB Kei Goto 0-0: Ball
1-0: Foul Ball, location: 2F
1-1: Foul Ball, location: 2F
1-2: Ball
2-2: Fielders Choice at 2nd, 3-6 (Groundball, 34S, EV 84.4 MPH)
John Myers scores
Ezra Schneider to third
Batting: LHB Tom Huey 0-0: Ball
1-0: Fly out, F7 (Flyball, 7LM, EV 95.0 MPH)
Runner from 3rd tags up, SCORES, throw by LF
Batting: LHB César Pérez 0-0: Ball
1-0: Ball
2-0: Called Strike
2-1: Fly out, F9 (Line Drive, 89M, EV 94.4 MPH)
Top of the 4th over - 2 runs, 1 hit, 0 errors, 1 left on base; Philadelphia 2 - Pittsburgh 2
BOTTOM OF THE 4TH
Pittsburgh Pirates batting - Pitching for Philadelphia Phillies : RHP Mike Lowery
Batting: RHB George Alexander 0-0: Ball
1-0: Foul Ball, location: 2F
1-1: Foul Ball, location: 5FF
1-2: Strikes out swinging
Batting: LHB Greg Meyer 0-0: Swinging Strike
0-1: Ball
1-1: Ball
2-1: Fly out, F2 (Popup, 2L, EV 93.8 MPH)
Batting: RHB Gerald Dittler 0-0: Swinging Strike
0-1: Ball
1-1: Ball
2-1: Ball
3-1: Base on Balls
Batting: SHB Jerry Gates 0-0: Called Strike
0-1: Foul Ball, location: 2F
0-2: Ball
1-2: Ball
2-2: Ball
3-2: Foul Ball, location: 2F
3-2: Fly out, F7 (Flyball, 78S, EV 91.9 MPH)
Bottom of the 4th over - 0 runs, 0 hits, 0 errors, 1 left on base; Philadelphia 2 - Pittsburgh 2
TOP OF THE 5TH
Philadelphia Phillies batting - Pitching for Pittsburgh Pirates : RHP Larry Lillibridge
Batting: RHB Atas Sekayi 0-0: Foul Ball, location: 2F
0-1: Ball
1-1: Ball
2-1: Ball
3-1: Fly out, F7 (Flyball, 7, EV 84.4 MPH)
Batting: LHB Iván Ruíz 0-0: Foul Ball, location: 7LMF
0-1: Swinging Strike
0-2: Ball
1-2: Foul Ball, location: 25FF
1-2: Ball
2-2: Foul Ball, location: 2F
2-2: Ball
3-2: SINGLE (Groundball, 34D, EV 101.9 MPH)
Batting: LHB Alonso Castillo 0-0: Ball
1-0: Swinging Strike
1-1: Foul Ball, location: 25F
1-2: Strikes out looking
Batting: LHB John Myers 0-0: Foul Ball, location: 9LSF
0-1: Called Strike
0-2: Foul Ball, location: 2F
0-2: Ball
1-2: Ball
2-2: Ball
Iván Ruíz is caught stealing 2nd base 2-6
Top of the 5th over - 0 runs, 1 hit, 0 errors, 0 left on base; Philadelphia 2 - Pittsburgh 2
BOTTOM OF THE 5TH
Pittsburgh Pirates batting - Pitching for Philadelphia Phillies : RHP Mike Lowery
Batting: RHB Luis Cervantes 0-0: Ball
1-0: Ball
2-0: Swinging Strike
2-1: Ball
3-1: Swinging Strike
3-2: Base on Balls
Batting: RHB John Simpson 0-0: Called Strike
0-1: Ball
1-1: Called Strike
1-2: Foul Ball, location: 2F
1-2: Foul Ball, location: 9LSF
1-2: SINGLE (Groundball, 34D, EV 104.4 MPH)
Luis Cervantes to second
Runner from 2nd tries for 3rd, SAFE, no throw by RF
Batting: LHB Kirila Naretha 0-0: Ball
1-0: Foul Ball, location: 5F
1-1: Ball
2-1: Fielders Choice at 2nd, 3-6 (Groundball, 3, EV 108.8 MPH)
Luis Cervantes scores
Batting: RHB Spencer Knight 0-0: Ball
1-0: Ball
2-0: Ball
3-0: Called Strike
3-1: SINGLE (Line Drive, 34D, EV 96.9 MPH)
Kirila Naretha to second
Runner from 2nd tries for 3rd, SAFE, no throw by RF
Batting: RHB Zong-yuan Yue 0-0: Called Strike
0-1: Foul Ball, location: 5DF
0-2: Ball
1-2: Ball
2-2: Foul Ball, location: 2F
2-2: Fly out, F8 (Flyball, 8LD, EV 87.5 MPH)
Runner from 3rd tags up, OUT at HOME! 8-2
Bottom of the 5th over - 1 run, 2 hits, 0 errors, 1 left on base; Philadelphia 2 - Pittsburgh 3
TOP OF THE 6TH
Philadelphia Phillies batting - Pitching for Pittsburgh Pirates : RHP Larry Lillibridge
Pitching: RHP Marcos Benítez
Batting: LHB John Myers 0-0: Called Strike
0-1: Called Strike
0-2: Ball
1-2: Foul Ball, location: 7LDF
1-2: Ball
2-2: Ball
3-2: Strikes out swinging
Batting: RHB Ezra Schneider 0-0: Ball
1-0: Foul Ball, location: 2F
1-1: Fly out, F8 (Flyball, 8RM, EV 78.1 MPH)
Batting: RHB Alfonso Díaz 0-0: SINGLE (Line Drive, 6M, EV 105.6 MPH)
Batting: RHB Kei Goto 0-0: Fly out, F8 (Flyball, 8RXD, EV 106.3 MPH)
Top of the 6th over - 0 runs, 1 hit, 0 errors, 1 left on base; Philadelphia 2 - Pittsburgh 3
BOTTOM OF THE 6TH
Pittsburgh Pirates batting - Pitching for Philadelphia Phillies : RHP Mike Lowery
Pitching: RHP Chris Smolinski
Batting: RHB George Alexander 0-0: Ball
1-0: Ball
2-0: Ball
3-0: Called Strike
3-1: Swinging Strike
3-2: Strikes out looking
Batting: LHB Greg Meyer 0-0: Foul Ball, location: 2F
0-1: Ball
1-1: Ground out 3-1 (Groundball, 34, EV 83.8 MPH)
Batting: RHB Gerald Dittler 0-0: Foul Ball, location: 23F
0-1: Foul Ball, location: 2F
0-2: SINGLE (Groundball, 6MD, EV 99.4 MPH)
Batting: SHB Jerry Gates 0-0: Called Strike
0-1: Swinging Strike
0-2: Ball
1-2: Ball
2-2: Ball
3-2: Base on Balls
Gerald Dittler to second
Batting: RHB Luis Cervantes 0-0: Foul Ball, location: 3F
0-1: Ball
1-1: Ball
2-1: Ball
3-1: Foul Ball, location: 23F
3-2: DOUBLE (Line Drive, 78XD, EV 110.0 MPH)
Gerald Dittler scores
Jerry Gates to third
Jerry Gates scores
Batting: RHB John Simpson 0-0: Ball
1-0: Called Strike
1-1: Foul Ball, location: 3FF
1-2: Ball
2-2: Fly out, F9 (Flyball, 9LMF, EV 100.6 MPH)
Bottom of the 6th over - 2 runs, 2 hits, 0 errors, 1 left on base; Philadelphia 2 - Pittsburgh 5
TOP OF THE 7TH
Philadelphia Phillies batting - Pitching for Pittsburgh Pirates : RHP Marcos Benítez
Batting: LHB Tom Huey 0-0: Called Strike
0-1: SINGLE (Groundball, 15S, EV 71.9 MPH) (infield hit)
Batting: LHB César Pérez 0-0: Called Strike
0-1: Swinging Strike
0-2: Ball
1-2: Ball
2-2: Grounds into double play, 4-6-3 (Groundball, 4, EV 102.5 MPH)
Batting: RHB Atas Sekayi 0-0: Called Strike
0-1: Ball
1-1: Ground out 6-3 (Groundball, 6, EV 79.4 MPH)
Top of the 7th over - 0 runs, 1 hit, 0 errors, 0 left on base; Philadelphia 2 - Pittsburgh 5
BOTTOM OF THE 7TH
Pittsburgh Pirates batting - Pitching for Philadelphia Phillies : RHP Chris Smolinski
Batting: LHB Kirila Naretha 0-0: Ball
1-0: Swinging Strike
1-1: Swinging Strike
1-2: Ball
2-2: SINGLE (Line Drive, 7LS, EV 97.5 MPH)
Batting: RHB Spencer Knight 0-0: Ball
1-0: Ball
2-0: Ball
3-0: Called Strike
3-1: Reached on error, E5 (Groundball, 56S, EV 80.6 MPH)
Kirila Naretha to second
Pitching: RHP Russ Brown
Batting: RHB Zong-yuan Yue 0-0: Ball
1-0: Fly out, F4 (Popup, 4D, EV 65.6 MPH)
Batting: RHB George Alexander 0-0: Called Strike
0-1: Ball
1-1: Grounds into double play, 5-4-3 (Groundball, 56, EV 95.0 MPH)
Bottom of the 7th over - 0 runs, 1 hit, 1 error, 1 left on base; Philadelphia 2 - Pittsburgh 5
TOP OF THE 8TH
Philadelphia Phillies batting - Pitching for Pittsburgh Pirates : RHP Marcos Benítez
Batting: LHB Iván Ruíz 0-0: Called Strike
0-1: SINGLE (Line Drive, 9LM, EV 105.0 MPH)
Pitching: RHP Brad Woodward
Batting: LHB Alonso Castillo 0-0: Ball
1-0: Ball
2-0: Ball
3-0: Called Strike
3-1: Base on Balls
Iván Ruíz to second
Batting: LHB John Myers 0-0: Grounds into double play, 6-4-3 (Groundball, 6MD, EV 80.6 MPH)
Iván Ruíz to third
Batting: RHB Ezra Schneider 0-0: Ball
1-0: Swinging Strike
1-1: Swinging Strike
1-2: SINGLE (Flyball, 89S, EV 93.8 MPH)
Iván Ruíz scores
Batting: RHB Alfonso Díaz 0-0: Swinging Strike
0-1: Swinging Strike
0-2: Strikes out swinging
Top of the 8th over - 1 run, 2 hits, 0 errors, 1 left on base; Philadelphia 3 - Pittsburgh 5
BOTTOM OF THE 8TH
Pittsburgh Pirates batting - Pitching for Philadelphia Phillies : RHP Russ Brown
Batting: LHB Greg Meyer 0-0: Swinging Strike
0-1: SINGLE (Flyball, 8LS, EV 86.9 MPH)
Batting: RHB Gerald Dittler 0-0: Ball
1-0: Called Strike
1-1: Fly out, F8 (Flyball, 8RD, EV 103.1 MPH)
Batting: SHB Jerry Gates 0-0: Called Strike
0-1: Ball
1-1: Foul Ball, location: 2F
1-2: Ball
2-2: Fly out, F9 (Flyball, 9, EV 90.6 MPH)
Batting: RHB Luis Cervantes 0-0: Called Strike
Greg Meyer steals 2nd base
0-1: Swinging Strike
0-2: Foul Ball, location: 5F
0-2: Ball
1-2: Ball
2-2: Strikes out looking
Bottom of the 8th over - 0 runs, 1 hit, 0 errors, 1 left on base; Philadelphia 3 - Pittsburgh 5
TOP OF THE 9TH
Philadelphia Phillies batting - Pitching for Pittsburgh Pirates : RHP Brad Woodward
Pitching: RHP Curt Williams
Batting: RHB Kei Goto 0-0: Ball
1-0: Swinging Strike
1-1: Ball
2-1: Ball
3-1: Base on Balls
Batting: LHB Tom Huey 0-0: SINGLE (Line Drive, 56, EV 99.4 MPH)
Kei Goto to second
Batting: LHB César Pérez 0-0: Called Strike
0-1: Hit by Pitch
Kei Goto to third
Tom Huey to second
Pinch Hitting: SHB Marty Garland 0-0: Called Strike
0-1: Called Strike
0-2: Strikes out swinging
Batting: LHB Iván Ruíz 0-0: Ball
1-0: Foul Ball, location: 9LDF
1-1: Ball
2-1: Called Strike
2-2: Ball
3-2: Fly out, F8 (Line Drive, 8RD, EV 100.6 MPH)
Batting: LHB Alonso Castillo 0-0: Ball
1-0: Foul Ball, location: 5F
1-1: Foul Ball, location: 5SF
1-2: Strikes out looking
Top of the 9th over - 0 runs, 1 hit, 0 errors, 3 left on base; Philadelphia 3 - Pittsburgh 5
Monday, April 29th , 2024 - OOTP Baseball 24.10 Build 82